 Dungeon Crawl Stone Soup version 0.29-a0-384-g6960b1960d (webtiles) character file.

Game seed: 17837179896279011428

5296 quokkamancerX the Summoner (level 10, -17/58 HPs)
             Began as a Tengu Summoner on May 7, 2022.
             Was a Follower of Vehumet.
             Demolished by a cane toad (19 damage)
             ... on level 8 of the Dungeon on May 8, 2022.
             The game lasted 01:00:44 (11061 turns).

quokkamancerX the Summoner (Tengu Summoner)        Turns: 11061, Time: 01:00:45

Health: -17/58     AC: 11    Str: 11    XL:     10   Next: 63%
Magic:  25/25      EV: 12    Int: 25    God:    Vehumet [*.....]
Gold:   537        SH:  0    Dex: 14    Spells: 18/29 levels left

rFire   . . .      SeeInvis .   D - +11 dagger of Utreish {vorpal, Int+7}
rCold   . . .      Faith    .   (no shield)
rNeg    . . .      Spirit   .   H - +0 swamp dragon scales
rPois   +          Reflect  .   (helmet restricted)
rElec   .          Harm     .   A - +0 cloak
rCorr   .          Rampage  .   d - +2 pair of gloves
Will    .....                   (boots unavailable)
Stlth   +.........              (no amulet)
HPRegen 0.19/turn               (no ring)
MPRegen 0.19/turn               (no ring)

@: flying quickly and evasively, quick
A: beak, talons 3, nimble flight
a: Renounce Religion


You were on level 8 of the Dungeon.
You worshipped Vehumet.
Vehumet was aware of your devotion.
You visited 2 branches of the dungeon, and saw 10 of its levels.
You also visited: Sewer.

You collected 537 gold pieces.

Inventory:

Hand Weapons
 D - the +11 dagger of Utreish (weapon) {vorpal, Int+7}
   (You found it on level 9 of the Dungeon)

   It inflicts extra damage upon your enemies.
   Int:       It affects your intelligence (+7).
Missiles
 g - 7 poisoned darts (quivered)
 v - 3 throwing nets
Armour
 d - a +2 pair of gloves (worn)
 A - a +0 cloak (worn)
 H - +0 swamp dragon scales (worn)
Jewellery
 r - a ring of fire
 z - a +6 ring of strength
Wands
 s - a wand of polymorph (17)
 x - a wand of iceblast (9)
 F - a wand of flame (8)
Scrolls
 a - 3 scrolls of fog
 h - 3 scrolls of teleportation
 i - a scroll of identify
 k - a scroll of blinking {unknown}
 l - a scroll of enchant weapon {unknown}
 m - a scroll of poison {unknown}
 n - 2 scrolls of magic mapping
 p - 2 scrolls of brand weapon
 q - a scroll of immolation
 t - a scroll of amnesia {unknown}
 u - a scroll of enchant armour {unknown}
 w - a scroll of summoning {unknown}
 y - a scroll of vulnerability
 E - a scroll of acquirement {unknown}
Potions
 b - 2 potions of magic
 e - 5 potions of curing
 f - a potion of attraction
 j - 3 potions of brilliance
 o - 2 potions of mutation
 B - a potion of might
 C - a potion of lignification
 G - a potion of ambrosia {unknown}


   Skills:
 + Level 4.3 Fighting
 - Level 2.1 Dodging
 - Level 2.0 Stealth
 - Level 10.0 Spellcasting
 - Level 10.0 Summonings
 + Level 5.2 Air Magic
 - Level 6.0 Evocations


You had 18 spell levels left.
You knew the following spells:

 Your Spells              Type           Power      Damage    Failure   Level
a - Summon Small Mammal   Summ           100%       N/A       1%          1
b - Call Canine Familiar  Summ           58%        N/A       1%          3
c - Summon Guardian Gole  Hex/Summ       37%        N/A       4%          3
d - Summon Lightning Spi  Summ/Air       50%        N/A       5%          4

Your spell library contained the following spells:

 Spells                   Type           Power      Damage    Failure   Level
 Shock                    Conj/Air       100%       1d9       4%          1
 Call Imp                 Summ           58%        N/A       1%          2
 Swiftness                Air            38%        N/A       4%          3
 Corpse Rot               Necr/Air       50%        N/A       6%          2
 Poisonous Vapours        Pois/Air       50%        N/A       6%          2
 Static Discharge         Conj/Air       25%        N/A       6%          2
 Foxfire                  Conj/Fire      48%        2x1d6     12%         1
 Ensorcelled Hibernation  Hex/Ice        24%        N/A       19%         2
 Passwall                 Tmut/Erth      10%        N/A       19%         2
 Conjure Flame            Conj/Fire      12%        6-21      34%         3
 Inner Flame              Hex/Fire       12%        N/A       34%         3
 Summon Forest            Summ/Tloc      18%        N/A       38%         5
 Dispel Undead            Necr           12%        3d9       75%         4
 Flame Wave               Conj/Fire      12%        2d6       75%         4
 Sticky Flame             Conj/Fire      12%        2d4       75%         4
 Summon Hydra             Summ           29%        N/A       86%         7
 Conjure Ball Lightning   Conj/Air       12%        3x3d6     99%         6
 Eringya's Noxious Bog    Tmut/Pois      6%         N/A       100%        6
 Discord                  Hex            6%         N/A       100%        8
 Disjunction              Tloc           6%         N/A       100%        8


Dungeon Overview and Level Annotations

Branches:
Dungeon (9/15)             Temple (1/1) D:6           Sewer (visited)
   Lair: D:8-11         Orc: D:9-12

Altars:
Ashenzari
Cheibriados
Dithmenos
Elyvilon
Gozag
Hepliaklqana
Kikubaaqudgha
Makhleb
Nemelex Xobeh
Okawaru
Qazlal
Ru
Sif Muna
Trog
Uskayaw
Vehumet
Wu Jian
Xom
Yredelemnul
Zin
The Shining One

Shops:
D:9 *

Annotations:
D:2 1 runed translucent door, Crazy Yiuf


Innate Abilities, Weirdness & Mutations

You have a beak for a mouth.
You have claws for feet.
Your magical nature lets you fly swiftly and evasively.


Message History

Things that are here:
a +0 war axe; a +0 chain mail You see here 35 stones.
There is a stone staircase leading down here.
You fly downwards.
The orc completely misses you.
The orc hits you but does no damage. x2; The orc warrior barely misses you.
The orc wizard casts a spell at you. The puff of flame misses you.
The puff of flame hits the orc!
The orc dies!
The troll barely misses you. The troll claws you! x2
The orc hits you but does no damage.
There is a stone staircase leading up, spattered with blood here.
The troll closely misses you. x2; The troll barely misses you.
The orc warrior hits you with a +0 mace!
The orc hits you but does no damage. x2
The orc wizard points at you and mumbles some strange words.
The magic dart hits you.
You fly upwards.
There is a stone staircase leading down here.
As you read the scroll of fear, it crumbles to dust.
You assume a fearsome visage.
The orc looks frightened!
The orc warrior looks frightened!
The orc looks frightened!
The troll resists with some effort.
The orc wizard looks frightened!
The orc wizard mumbles some strange words.
The orc wizard flickers and vanishes!
Deactivating autopickup; reactivate with Ctrl-A.
The troll bites you. The troll closely misses you. The troll claws you.
The troll bites you!
* * * LOW HITPOINT WARNING * * *
The troll claws you!
* * * LOW HITPOINT WARNING * * *
The troll claws you but does no damage.
Okay, then.
Okay, then.
Aiming: Polymorph
Press: ? - help, Shift-Dir - straight line, f - troll
Aim: a troll (will become a cane toad, a bullfrog, or a yaktaur, chance to affect: 64%)
The troll evaporates and reforms as a cane toad!
The cane toad stings you!!
You die...

###[#.#.#..........##.##.##.#h###
##...##.#.####...##.##...#.## #
##.###.#.####...##[####.#.# # #.#
#.#.#.......).# #.#.# #
#.###...<.........# #.#.# #
#####.....).#.o.......####.#.# #
.........##.###..............# #
########.##.###.F..#######.######
#....(o.>@.o..............
########################## #


You could see a cane toad, an orc warrior (fleeing) and 2 orcs.

Vanquished Creatures
  Maggie (D:7)
  A kobold brigand (D:8)
  A bullfrog (D:8)
  A scorpion (D:5)
  A howler monkey (D:8)
  A hound (D:4)
  An iguana (D:5)
  A hell rat (Sewer)
  A gnoll (D:5)
  4 adders
  A river rat (Sewer)
  2 worms
  5 orcs
  2 ball pythons
  2 endoplasms (D:1)
  4 giant cockroaches
  2 goblins
  2 hobgoblins (D:2)
  3 jackals (D:2)
  3 kobolds
  2 quokkas
  A bat (D:2)
  2 frilled lizards
  A rat (D:5)
45 creatures vanquished.

Vanquished Creatures (collateral kills)
  2 two-headed ogres
  Grinder (D:5)
  A wyvern (D:9)
  A swamp drake (D:3)
  2 orc warriors
  An ice beast (D:6)
  2 ogres
  A lemure (D:3)
  2 phantoms
  A bullfrog (D:8)
  4 scorpions
  4 wights (D:8)
  4 howler monkeys
  3 jellies
  4 orc priests
  4 orc wizards (D:8)
  Ijyb (D:5)
  6 adders
  4 gnolls
  3 river rats (Sewer)
  2 white imps
  An ufetubus (D:5)
  2 worms
  2 dart slugs
  20 orcs
  A bat (D:3)
  5 endoplasms
  3 giant cockroaches
  3 hobgoblins (D:1)
  3 quokkas
  5 ball pythons
  3 frilled lizards (D:1)
  5 goblins
  7 kobolds
  7 rats
120 creatures vanquished.

Vanquished Creatures (others)
  Joseph (D:7)
  4 yaks (D:8)
  A water moccasin (D:7)
  An orc warrior (D:8)
  A wight (D:8)
  An orc priest (D:8)
  A gnoll (D:5)
  2 orcs
12 creatures vanquished.

Grand Total: 177 creatures vanquished

Notes
Turn   | Place    | Note
-------+----------+-------------------------------------------
     0 | D:1      | quokkamancerX the Tengu Summoner began the quest for the
                  | Orb.
     0 | D:1      | Reached XP level 1. HP: 10/10 MP: 4/4
    18 | D:1      | Reached skill level 5 in Summonings
   174 | D:1      | Reached XP level 2. HP: 13/15 MP: 3/6
   869 | D:1      | Found a faded altar of an unknown god.
  1289 | D:2      | Reached XP level 3. HP: 19/19 MP: 7/7
  1803 | D:2      | Found a runed translucent door.
  1804 | D:2      | Noticed Crazy Yiuf
  2293 | D:2      | Identified the +1 leather armour "Hero's Friend" {Rampage
                  | Dex+4}
  2631 | D:2      | Reached XP level 4. HP: 24/24 MP: 5/9
  3024 | D:2      | Learned a level 3 spell: Call Canine Familiar
  3139 | D:3      | Noticed a phantom
  3159 | D:3      | Killed a phantom
  3160 | D:3      | Gained mutation: Your magical nature lets you fly swiftly
                  | and evasively. [Tengu growth]
  3160 | D:3      | Reached XP level 5. HP: 28/28 MP: 8/11
  3358 | D:3      | Reached XP level 6. HP: 32/32 MP: 10/13
  4311 | D:4      | Noticed Pikel
  4555 | D:3      | Noticed Pikel
  4555 | D:3      | Pikel changed into Pikel the swamp drake
  4601 | D:3      | Killed Pikel the swamp drake
  5076 | D:4      | Found an iron altar of Okawaru.
  5115 | D:4      | Identified the +1 leather armour of the True Pharaoh {rPois
                  | Will- Regen+ Int+4}
  5133 | D:4      | Reached skill level 5 in Spellcasting
  5133 | D:4      | Reached XP level 7. HP: 36/36 MP: 11/15
  5464 | D:4      | Learned a level 3 spell: Summon Guardian Golem
  5465 | D:5      | Entered Level 5 of the Dungeon
  5524 | D:5      | Found a glowing drain.
  5538 | Sewer    | Entered a sewer
  6148 | D:5      | Noticed Sigmund
  6149 | D:5      | Noticed Sigmund
  6149 | D:5      | Sigmund changed into Sigmund the adder
  6155 | D:5      | Killed Sigmund the adder
  6347 | D:5      | Noticed Grinder
  6377 | D:5      | Killed Grinder
  6378 | D:5      | Reached XP level 8. HP: 32/41 MP: 12/18
  6498 | D:5      | Noticed Ijyb
  6508 | D:5      | Killed Ijyb
  7071 | D:6      | Found a glowing golden altar of the Shining One.
  7078 | D:6      | Found a white marble altar of Elyvilon.
  7110 | D:6      | Found a shimmering altar of Xom.
  7328 | D:6      | Reached skill level 10 in Summonings
  7487 | D:6      | Found a staircase to the Ecumenical Temple.
  7565 | Temple   | Entered the Ecumenical Temple
  7646 | Temple   | Became a worshipper of Vehumet
  7937 | D:7      | Noticed Joseph
  7954 | D:7      | Killed Joseph
  7955 | D:7      | Reached XP level 9. HP: 21/45 MP: 10/21
  8438 | D:7      | Noticed Maggie
  8457 | D:7      | Killed Maggie
  9248 | D:8      | Reached skill level 5 in Evocations
  9446 | D:8      | Found an ornate altar of the Wu Jian Council.
  9453 | D:8      | Found a basalt altar of Yredelemnul.
  9454 | D:8      | Found a broken altar of Ashenzari.
  9483 | D:8      | Noticed a two-headed ogre
  9500 | D:8      | Killed a two-headed ogre
  9501 | D:8      | Reached skill level 10 in Spellcasting
  9501 | D:8      | Reached skill level 1 in Fighting
  9501 | D:8      | Reached XP level 10. HP: 33/52 MP: 12/25
  9751 | D:8      | Reached skill level 1 in Air Magic
  9821 | D:8      | Reached * piety under Vehumet
  9821 | D:8      | Offered knowledge of Shock by Vehumet.
 10525 | D:8      | Learned a level 4 spell: Summon Lightning Spire
 10536 | D:9      | Noticed a two-headed ogre
 10568 | D:9      | Killed a two-headed ogre
 10731 | D:9      | Identified the +11 dagger of Utreish {vorpal, Int+7}
 10779 | D:9      | Found Qoves Xycw's Changing Room.
 10926 | D:8      | Reached skill level 5 in Air Magic
 11060 | D:8      | HP: 2/58 [troll (7)]
 11061 | D:8      | Noticed a cane toad
 11061 | D:8      | a troll changed into a cane toad
 11061 | D:8      | Demolished by a cane toad

Illustrated notes

Levels and vault maps discovered:
D:1:      wheals_arrival_shading, layout_basic,
          shapermc_ecumenical_altar_flowoftime
D:2:      layout_loops_corners, serial_forest, infiniplex_forest_lined_4_way,
          infiniplex_forest_end_2, infiniplex_forest_straight_2,
          infiniplex_forest_lined_corner, infiniplex_forest_zigzag_1,
          uniq_crazy_yiuf_cottage
D:3:      layout_rooms, minmay_diced_spiral
D:4:      layout_gridville, kennysheep_okawaru_gauntlet, uniq_pikel
D:5:      layout_basic, gup_sewer_entry_bowl, uniq_grinder, uniq_ijyb,
          uniq_sigmund
D:6:      layout_rooms, amethyst_overflow_temple_binary,
          mainiacjoe_overflow_brackets, temple_hall, minmay_misc_feat_room
D:7:      layout_layer_cave, kennysheep_big_empty_room, uniq_maggie, uniq_joseph
D:8:      layout_loops_ring, chequers_temple_overflow_statue_of_worship,
          grunt_ogre_cave
D:9:      layout_roguey, mainiacjoe_overflow_alcove_1, palyth_stone_intersect,
          nicolae_transmutations_shop
Temple:   nicolae_temple_great_sept

Skill      XL: |  1  2  3  4  5  6  7  8  9 10 |
---------------+-------------------------------+-----
Summonings     | 5 6 7 9 10 | 10.0
Spellcasting   | 3 4 5 6 7 10 | 10.0
Evocations     | 2 6 |  6.0
Fighting       | 1 4 |  4.3
Air Magic      | 5 |  5.2
Dodging        | |  2.1
Stealth        | |  2.0

Action                   |  1- 3 |  4- 6 |  7- 9 | 10-12 || total
-------------------------+-------+-------+-------+-------++-------
Melee: Unarmed           |     2 |       |       |       ||     2
       Dagger            |    62 |     9 |       |     2 ||    73
       Kick              |    17 |     6 |    19 |     3 ||    45
       Peck              |    12 |     1 |    10 |       ||    23
       Whip              |       |     8 |    35 |       ||    43
       Punch             |       |       |     1 |       ||     1
       Short sword       |       |       |    11 |     4 ||    15
Throw: Stone             |    30 |     7 |       |       ||    37
 Cast: Summon Small Mamm |    37 |    39 |    38 |    12 ||   126
       Call Canine Famil |       |    20 |    31 |    13 ||    64
       Summon Guardian G |       |       |    20 |    11 ||    31
       Summon Lightning  |       |       |       |     1 ||     1
Evoke: Wand              |       |     1 |     1 |     1 ||     3
  Use: Scroll            |       |     6 |    10 |     4 ||    20
       Potion            |       |     3 |       |     2 ||     5
 Stab: Sleeping          |     1 |       |       |       ||     1
       Distracted        |       |     1 |     2 |       ||     3
Armor: Robe              |    20 |    13 |    14 |       ||    47
       Swamp dragon scal |       |       |     2 |    10 ||    12
Dodge: Dodged            |    38 |    26 |    32 |    24 ||   120

Table legend: (Time is in decaauts)
 A = Elapsed time spent in this place.
 B = Non-inter-level travel time spent in this place.
 C = Inter-level travel time spent in this place.
 D = Time resting spent in this place.
 E = Time spent auto-exploring this place.
 F = Levels seen in this place.
 G = Mean time per level.
                   A        B        C        D        E       F      G
               +--------+--------+--------+--------+--------+-----+--------+
         Total |  10587 |  10181 |    406 |   2409 |   4799 |  11 |  962.5 |
       Dungeon |  10263 |   9866 |    397 |   2291 |   4725 |   9 | 1140.3 |
        Temple |     83 |     74 |      9 |      0 |     52 |   1 |   83.0 |
         Sewer |    240 |    240 |      0 |    118 |     22 |   1 |  240.0 |
               +--------+--------+--------+--------+--------+-----+--------+

Top non-repeatable levels by time:
     D:2: 1745 daAuts
     D:8: 1584 daAuts
     D:7: 1318 daAuts
     D:3: 1266 daAuts
     D:1: 1263 daAuts
     D:4: 1139 daAuts
     D:5: 1077 daAuts
     D:6: 620 daAuts
     D:9: 246 daAuts
   Sewer: 240 daAuts
  Temple: 83 daAuts
